 Dungeon Crawl Stone Soup version 0.16-a0-326-g6f2d4d4 (webtiles) character file.

23 PolkaDot the Caller (level 2, -1/19 HPs)
             Began as a Vampire Summoner on Sept 4, 2014.
             Slain by a jackal (2 damage)
             ... on Level 1 of the Dungeon.
             The game lasted 00:03:22 (922 turns).

PolkaDot the Caller (Vampire Summoner)               Turns: 922, Time: 00:03:23

HP  -1/19        AC  2     Str  7      XL: 2   Next: 75%
MP   0/4         EV 12     Int 17      God:
Gold 62          SH  0     Dex 14      Spells:  2 memorised,  2 levels left

rFire  . . .     SeeInvis +     e - +0 dagger
rCold  . . .     Clarity  .     a - +0 robe
rNeg   . . .     rCorr    .     (no shield)
rPois  .         rRot     .     (no helmet)
rElec  .         Spirit   .     (no cloak)
SustAb .         Warding  .     (no gloves)
rMut   .         Stasis   .     (no boots)
Gourm  .                        (no amulet)
MR     .....                    (no ring)
                                (no ring)

@: regenerating quickly, not resistant to hostile enchantments, unstealthy
A: fangs 3, see invisible, unbreathing
a: no special abilities


You were on level 1 of the Dungeon.
You were very full.

You visited 1 branch of the dungeon, and saw 1 of its levels.

You collected 62 gold pieces.

Inventory:

Hand weapons
 e - a +0 dagger (weapon)
Armour
 a - a +0 robe (worn)
Scrolls
 c - a scroll of fear {unknown}
 f - a scroll of random uselessness {unknown}
 i - a scroll of remove curse {unknown}
 j - a scroll of identify {unknown}
 k - a scroll of enchant weapon {unknown}
 l - a scroll of amnesia {unknown}
Potions
 d - a potion of agility {unknown}
 g - a potion of flight {unknown}
 h - a potion of resistance {unknown}
Books
 b - a book of Callings

   Spells                             Type                      Level
   *Summon Small Mammal               Summoning                    1
   *Call Imp                          Summoning                    2
   Call Canine Familiar               Summoning                    3
   Summon Guardian Golem              Hexes/Summoning              4
   Summon Lightning Spire             Summoning/Air                4
   Summon Ice Beast                   Ice/Summoning                4


   Skills:
 - Level 2.1 Dodging
 - Level 3.0 Stealth
 - Level 2.0 Spellcasting
 * Level 4.8 Summonings


You had 2 spell levels left.
You knew the following spells:

 Your Spells              Type           Power        Failure   Level  Hunger
a - Summon Small Mammal   Summ           ###.         2%          1    #......
s - Call Imp              Summ           ###.....     4%          2    ###....


Dungeon Overview and Level Annotations

Branches:
Dungeon (1/15)

Altars:


Innate Abilities, Weirdness & Mutations

Your natural rate of healing is unusually fast.
You have razor-sharp teeth.
You have supernaturally acute eyesight.
You can survive without breathing.


Message History

* * * LOW HITPOINT WARNING * * *
Your crimson imp misses the jackal.
The jackal barely misses you.
You hit the jackal.
You kill the jackal!
The jackal bites you.
* * * LOW HITPOINT WARNING * * *
Your quokka completely misses the jackal.
The jackal closely misses you. The jackal bites you.
* * * LOW HITPOINT WARNING * * *
Your crimson imp blinks!
A hobgoblin comes into view. It is wielding a club.
Your quokka bites the jackal but does no damage.
The jackal closely misses you.
Casting: Summon Small Mammal
Confirm with . or Enter, or press ? or * to list all spells.
* * * LOW MAGIC WARNING * * *
The jackal bites you.
* * * LOW HITPOINT WARNING * * *
The jackal bites you.
You die...

.# #... #g#
####### ##.. 5.
#.....# ##. .#
#.....### ##
##.# #.......# #
# #..#
#....%#.####
#.#ยง# #
#....(......
#.#h##.#
####.##.##.#
#.rh@r.#
#.##.##.#
###.####
#.##..... #r####
#.#####.# #....#
#.#####.. ####.#
#.......#
#.##########....
#..........(....
#............###
############## #


You could see 2 jackals, 2 friendly quokkas and a friendly rat.

Vanquished Creatures
  3 hobgoblins (D:1)
  3 jackals (D:1)
  A kobold (D:1)
  A ball python (D:1)
  A bat (D:1)
  4 giant newts (D:1)
  2 goblins (D:1)
  4 rats (D:1)
19 creatures vanquished.

Vanquished Creatures (collateral kills)
  A giant gecko (D:1)
  A bat (D:1)
  A hobgoblin (D:1)
  3 jackals (D:1)
  A goblin (D:1)
7 creatures vanquished.

Vanquished Creatures (others)
  A bat (D:1)
  A rat (D:1)
2 creatures vanquished.

Grand Total: 28 creatures vanquished

Notes
Turn   | Place    | Note
--------------------------------------------------------------
     0 | D:1      | PolkaDot, the Vampire Summoner, began the quest for the Orb.
     0 | D:1      | Reached XP level 1. HP: 13/13 MP: 3/3
   326 | D:1      | Reached XP level 2. HP: 7/19 MP: 2/4
   515 | D:1      | Learned a level 2 spell: Call Imp
   922 | D:1      | Slain by a jackal

Action                   || total
-------------------------++-------
Melee: Dagger            ||    79
       Hand axe          ||     4
 Cast: Summon Small Mamm ||    11
       Call Imp          ||     3
  Use: Potion            ||     1
 Stab: Sleeping          ||     4
       Distracted        ||     1
  Eat: Corpse            ||    12
